 Dungeon Crawl Stone Soup version bcrawl-1.41 (webtiles) character file.

Game seed: 14008482964418681149

485512 Finalfun the Thaumaturge (level 15, -8/154 HPs)
             Began as a Fairy Fire Elementalist on Mar 25, 2024.
             Was an Initiate of Gozag.
             Mangled by a deep elf knight
             ... wielding a +0 scimitar
              (32 damage)
             ... on level 12 of the Dungeon on Mar 26, 2024.
             The game lasted 01:18:28 (21162 turns).

Finalfun the Thaumaturge (Fairy Fire Elementalist) Turns: 21162, Time: 01:18:28

Health: -8/154     AC: 27    Str:  6    XL:     15   Next: 38%
Magic:  17/41      EV:  1    Int: 33    God:    Gozag
Gold:   4851       SH:  8    Dex: 16    Spells: 5/38 levels left

rFire    + . .     GDR:     47% j - +0 quarterstaff "Newt's Regret" {crush, rPois rF+ Dex+4 SInv}
rCold    . . .     SeeInvis +   (shield currently unavailable)
rNeg     + + +     Gourm    .   (armour unavailable)
rPois    +         Faith    .   (helmet currently unavailable)
rElec    .         Spirit   .   (cloak currently unavailable)
rCorr    .         Reflect  .   (gloves currently unavailable)
MR       +....     NoTele   +   (boots currently unavailable)
Stlth    +.........             k - amulet of regeneration
HPRegen  0.86/turn              S - +7 ring of intelligence
MPRegen  0.27/turn              r - ring of magical power

@: tree-form
A: giant, magic attunement, unstealthy, unfitting armour, AC/SH +8
a: Potion Petition, Call Merchant, Bribe Branch, Renounce Religion


You were on level 12 of the Dungeon.
You worshipped Gozag.
Gozag was most pleased with you.
You were near starving.
You were a tree.
You visited 3 branches of the dungeon, and saw 19 of its levels.
You also visited: Ossuary and Gauntlet.

You collected 5442 gold pieces.
You paid 591 gold pieces to Gozag.

Inventory:

Hand Weapons
 j - the +0 quarterstaff "Newt's Regret" (weapon) {crush, rPois rF+ Dex+4 SInv}
   (You took it off a goblin on level 3 of the Dungeon)

   It will always inflict at least some extra damage.
   This minimum extra damage increases with your current reserve of magical
   power.
   It affects your dexterity (+4).
   It protects you from fire.
   It protects you from poison.
   It lets you see invisible.
Missiles
 c - 3899 stones (quivered)
 o - 1634 arrows
 M - 2 throwing nets {=f}
Armour
 d - a +1 helmet (melded)
 t - a +0 pair of boots (melded)
 R - a +0 cloak (melded)
Jewellery
 h - an uncursed ring of protection from cold
 k - an amulet of regeneration (around neck)
 p - an uncursed ring of protection from fire
 r - a ring of magical power (right branch)
 P - the ring of the Gloaming {+Fly rPois Str+3}
   (You found it in a Gauntlet)

   [ring of flight]

   It affects your strength (+3).
   It protects you from poison.
   It lets you fly.
 S - a +7 ring of intelligence (left branch)
Wands
 b - a wand of flame (41)
 q - a wand of disintegration (9)
 y - a wand of iceblast (7)
 B - a wand of polymorph (39)
 C - a wand of paralysis (14)
 F - a wand of digging (14)
 O - a wand of acid (6)
 Q - a wand of scattershot (5)
Scrolls
 a - 2 scrolls of fear
 f - 5 scrolls of immolation
 g - 2 scrolls of fog
 m - 4 scrolls of enchant weapon
 n - 3 scrolls of revelation {unknown}
 s - 2 scrolls of enchant armour
 u - 4 scrolls of blinking {unknown}
 v - 2 scrolls of remove curse
 x - 2 scrolls of amnesia
 A - a scroll of torment {unknown}
 G - 2 scrolls of teleportation
 L - 3 scrolls of noise {unknown}
 T - a scroll of brand weapon {unknown}
Potions
 l - 6 potions of curing
 w - 3 potions of might
 z - 5 potions of brilliance
 D - 3 potions of mutation
 J - 3 potions of flight
 K - 3 potions of cancellation
 N - 2 potions of resistance
Miscellaneous
 E - a phial of floods
 H - a phantom mirror
Comestibles
 e - 28 rations {!d}


   Skills:
 - Level 10.0 Fighting
 - Level 12.0 Dodging
 - Level 1.5 Stealth
 - Level 12.0 Spellcasting
 - Level 12.0 Conjurations
   Level 5.0 Charms
 + Level 11.9 Summonings
 - Level 4.0 Transmutations
 - Level 9.0 Fire Magic
 - Level 12.0 Air Magic
 - Level 6.0 Evocations


You had 5 spell levels left.
You knew the following spells:

 Your Spells              Type           Power        Failure   Level  Hunger
a - Flame Tongue          Conj/Fire      #####        1%          1    None
b - Conjure Flame         Conj/Fire      ######..     1%          3    None
c - Fireball              Conj/Fire      ######....   1%          5    None
d - Summon Forest         Summ/Tloc      ######....   5%          5    None
e - Conjure Ball Lightni  Conj/Air       #######...   2%          6    None
f - Sticks to Snakes      Tmut           #####...     1%          2    None
h - Spellforged Servitor  Conj/Summ      #######...   14%         7    None
i - Lightning Bolt        Conj/Air       #######.     1%          4    None

Your spell library contained the following spells:

 Spells                   Type           Power        Failure   Level  Hunger
 Static Discharge         Air            ######       0%          1    None
 Beastly Appendage        Tmut           #####.       1%          1    None
 Flaming Arrows           Chrm/Fire      ######..     1%          2    None
 Passwall                 Tmut/Erth      ####....     1%          2    None
 Poisonous Vapours        Pois/Air       ######       1%          2    None
 Shock                    Conj/Air       #######      1%          2    None
 Swiftness                Chrm/Air       ######..     1%          2    None
 Ignite Poison            Fire/Tmut/Pois #####...     1%          3    None
 Inner Flame              Hex/Fire       N/A          1%          3    None
 Mephitic Cloud           Conj/Pois/Air  ######..     1%          3    None
 Sticky Flame             Conj/Fire      ######..     1%          4    None
 Iskenderun's Battlesphe  Conj/Chrm      ######..     1%          5    None
 Apportation              Tloc           ###...       2%          1    None
 Blink Other              Tloc           ###...       2%          1    None
 Spider Form              Tmut/Pois      ###          3%          3    None
 Steam Barrier            Chrm/Fire      ######....   3%          5    None
 Freezing Cloud           Ice/Air        ######..     5%          5    None
 Silence                  Hex/Air        ######....   5%          5    None
 Teleport Other           Tloc           ###.....     7%          3    None
 Ice Form                 Ice/Tmut       ####....     10%         4    None
 Blade Hands              Tmut           #####.....   12%         5    None
 Olgreb's Toxic Radiance  Pois           ###......    22%         4    None
 Monstrous Menagerie      Summ           #######...   16%         7    None
 Summon Greater Demon     Summ           #######...   16%         7    None
 Summon Horrible Things   Summ           #######...   75%         8    None
 Haunt                    Necr/Summ      ######....   86%         7    None
 Malign Gateway           Summ/Tloc      ######....   86%         7    None


Dungeon Overview and Level Annotations

Branches:
Dungeon (12/12)            Temple (1/1) D:7            Lair (6/6) D:9
  Swamp (0/3) Lair:4       Shoals (0/3) Lair:4          Orc (0/1) D:9
    Elf (0/3) Lair:5
 Vaults: D:11-12     Depths: D:12

Altars:
Ashenzari
Cheibriados
Dithmenos
Elyvilon
Fedhas
Gozag
Hepliaklqana
Kikubaaqudgha
Lugonu
Makhleb
Nemelex Xobeh
Okawaru
Qazlal
Ru
Sif Muna
Trog
Uskayaw
Vehumet
Wu Jian
Xom
Yredelemnul
Zin
The Shining One

Shops:
D:6 [   D:7 [   D:12 (

Annotations:
D:6 3 runed translucent doors, rumpelstilzz's ghost, novice TrWr
D:11 Agnes
Lair:4 3 runed translucent doors, Finalfun's ghost, journeyman EnBe; Finalfun's ghost, journeyman HuAc; Mrcake's ghost, journeyman MiBe; rumpelstilzz's ghost, journeyman TrHu; yrara's ghost, journeyman DsFi


Innate Abilities, Weirdness & Mutations

Your spells do not cause hunger and MP costs are reduced by 1.
Your bright wings attract enemies. (Stealth-)
You cannot fit into any form of body armour.
((Your shimmering scales are hard and can block incoming attacks. (AC +8, SH +8)))
You are small and have problems with some larger weapons.
((You can fly continuously.))


Message History

The harpy skeleton claws you but does no damage.
You feel better.
Trunks creak and shift.
You block the harpy skeleton's attack. x3
The harpy skeleton barely misses you.
Really quaff the potion of lignification?
You turn into a tree.
Your +0 cloak melds into your body.
Your +1 helmet melds into your body.
Your +0 pair of boots melds into your body.
Your roots penetrate the ground.
The forest calms down.
The harpy skeleton claws you but does no damage. x2
The deep elf knight hits you with a +0 scimitar!!
* * * LOW HITPOINT WARNING * * *
The harpy skeleton claws you but does no damage.
You block the harpy skeleton's attack.
Your dryad calls out to the forest.
Vines fly forth from the trees!
The deep elf knight hits you with a +0 scimitar!!
You die...
Your body crumbles into a pile of gold.

###.)♣##...)/.#
###......[.w..♣
..#.####≈.≈≈..####♣
#...# #≈≈≈.......#
#..## #≈≈≈≈......#
#..# #≈≈≈..R....#
...# ♣≈≈≈...<...#
##.# #.......e(.♣
##.# ♣......w.Z♣♣#
#.# ♣'''#♣#♣#####
#.. .'..≈ #.. #♣..♣
#..# '. ###


You could see a deep elf knight, a harpy skeleton, a friendly dryad and 2
friendly snaplasher vines.

Vanquished Creatures
  Frances (D:10)
  Urug (Lair:4)
  A vault guard (D:12)
  A catoblepas (Lair:5)
  4 hydras
  A merfolk avatar (Lair:6)
  A tengu warrior (D:11)
  Sonja (D:10)
  13 death yaks
  A centaur warrior (D:10)
  5 skeletal warriors
  An obsidian statue (Gauntlet)
  A harpy (shapeshifter) (D:9)
  2 cyclopes (D:11)
  A shining eye (shapeshifter) (D:9)
  A merfolk siren (Lair:5)
  2 manticores (Lair:6)
  4 ugly things
  7 elephants
  5 black mambas
  2 molten gargoyles (Lair:4)
  10 cane toads
  2 rime drakes (Lair:6)
  9 komodo dragons
  A queen bee (Gauntlet)
  A harpy zombie (D:12)
  3 merfolk (Lair:4)
  2 wind drakes (Lair:6)
  8 polar bears
  Prince Ribbit (D:9)
  A troll (D:9)
  18 blink frogs
  Grinder (D:3)
  3 harpy skeletons
  2 hornets (Lair:6)
  9 dream sheep
  10 slime creatures
  6 hippogriffs
  A meliai zombie (D:10)
  Sigmund (D:3)
  2 vampires (D:10)
  2 wraiths
  36 yaks
  Eustachio (D:7)
  4 humans (D:12)
  3 wyverns
  3 hungry ghosts
  5 basilisks
  Menkaure (D:6)
  Edmund (D:6)
  2 acid dragons
  12 crocodiles
  10 water moccasins
  11 porcupines
  5 orc warriors
  A soldier ant (D:11)
  3 ice beasts
  6 sky beasts
  3 phantoms
  8 ogres
  19 wolves
  7 kobold brigands
  13 bullfrogs
  7 centaurs
  5 scorpions
  A water moccasin skeleton (D:9)
  2 troll zombies (D:9)
  12 killer bees
  5 howler monkeys
  8 wights (D:10)
  9 orc priests
  4 crimson imps
  A bullfrog zombie (D:6)
  A quasit (D:10)
  An iron imp (D:6)
  7 hounds
  2 bullfrog skeletons
  3 jellies
  11 orc wizards
  Jessica (D:3)
  An iguana (D:8)
  14 worker ants
  A killer bee zombie (D:7)
  4 ogre zombies (D:9)
  2 hound skeletons
  A mummy (Ossuary)
  4 worker ant zombies
  A howler monkey skeleton (D:6)
  7 gnolls
  A howler monkey zombie (D:7)
  9 adders
  4 shadow imps
  2 white imps (D:10)
  An ooze (D:2)
  3 adder skeletons
  2 adder zombies
  3 worms
  2 dart slugs (D:3)
  2 leopard geckos
  46 orcs
  2 spectral bats (Ossuary)
  A giant cockroach (D:1)
  6 gnoll zombies (Ossuary)
  4 goblins
  7 hobgoblins
  9 jackals
  3 quokkas (D:3)
  7 bats
  3 bat simulacra (Ossuary)
  3 frilled lizards
  3 goblin simulacra (Ossuary)
  4 goblin zombies
  A hobgoblin skeleton (D:9)
  7 hobgoblin zombies
  A jackal skeleton (D:6)
  15 kobolds
  2 kobold simulacra (Ossuary)
  13 kobold zombies (Ossuary)
  An orc skeleton (D:9)
  17 orc zombies
  3 rats (D:2)
  3 rat simulacra (Ossuary)
  3 spectral goblins (Ossuary)
  6 spectral kobolds (Ossuary)
  6 spectral rats (Ossuary)
  A bush (Lair:5)
  2 fungi
  10 plants
636 creatures vanquished.

Vanquished Creatures (collateral kills)
  A minotaur (Gauntlet)
  A vault guard (D:12)
  2 will-o'-wisps
  2 dream sheep (Lair:5)
  2 humans (D:12)
  A ball lightning (Lair:4)
9 creatures vanquished.

Vanquished Creatures (others)
  58 ball lightnings
  A bush (Lair:3)
  21 fungi
  40 plants
120 creatures vanquished.

Grand Total: 765 creatures vanquished

Notes
Turn   | Place    | Note
-------+----------+-------------------------------------------
     0 | D:1      | Finalfun the Fairy Fire Elementalist began the quest for
                  | the Orb.
     0 | D:1      | Reached XP level 1. HP: 11/11 MP: 5/5
    90 | D:1      | Found a shimmering altar of Xom.
   689 | D:1      | Reached XP level 2. HP: 17/17 MP: 6/6
   986 | D:2      | Found a hide-covered altar of Uskayaw.
  1114 | D:2      | Reached XP level 3. HP: 21/21 MP: 8/8
  1354 | D:2      | Found a basalt altar of Yredelemnul.
  1509 | D:2      | Reached XP level 4. HP: 27/27 MP: 10/10
  1594 | D:2      | Found a glowing silver altar of Zin.
  1595 | D:2      | Found an opulent altar of Gozag.
  1815 | D:3      | Reached skill level 5 in Fire Magic
  1827 | D:3      | Reached XP level 5. HP: 28/31 MP: 12/12
  1838 | D:3      | Learned a level 3 spell: Conjure Flame
  1844 | D:3      | Learned a level 5 spell: Fireball
  2069 | D:3      | Reached XP level 6. HP: 30/36 MP: 12/14
  2106 | D:3      | Found a sacrificial altar of Ru.
  2155 | D:3      | Reached skill level 5 in Spellcasting
  2242 | D:3      | Noticed Grinder
  2259 | D:3      | Killed Grinder
  2260 | D:3      | Reached skill level 5 in Conjurations
  2260 | D:3      | Reached XP level 7. HP: 41/41 MP: 12/16
  2497 | D:3      | Identified the cursed +0 quarterstaff "Newt's Regret"
                  | {crush, rPois rF+ Dex+4 SInv}
  2524 | D:3      | Noticed Jessica
  2528 | D:3      | Killed Jessica
  2694 | D:3      | Noticed Sigmund
  2717 | D:3      | Killed Sigmund
  2752 | D:3      | Found a white marble altar of Elyvilon.
  2773 | D:3      | Learned a level 3 spell: Inner Flame
  3036 | D:4      | Reached XP level 8. HP: 46/46 MP: 15/18
  3104 | D:4      | Found a shadowy altar of Dithmenos.
  3827 | D:5      | Entered Level 5 of the Dungeon
  3983 | D:5      | Reached XP level 9. HP: 49/51 MP: 22/22
  4127 | D:5      | Noticed Eustachio
  4268 | D:5      | Found a radiant altar of Vehumet.
  4482 | D:5      | Identified the Disquisition on Poison and Air
  4759 | D:6      | Noticed Edmund
  4838 | D:6      | Reached skill level 1 in Fighting
  4858 | D:6      | Killed Edmund
  4888 | D:6      | Noticed Menkaure
  5014 | D:6      | Noticed a komodo dragon
  5048 | D:5      | Killed a komodo dragon
  5273 | D:6      | Found Dougiazi's Antique Armour Shop.
  5285 | D:6      | Found a runed translucent gate.
  5285 | D:6      | Found a runed translucent gate.
  5285 | D:6      | Found a runed translucent gate.
  5346 | D:6      | Found a snail-covered altar of Cheibriados.
  5458 | D:6      | Killed Menkaure
  5459 | D:6      | Reached skill level 5 in Fighting
  5567 | D:6      | Noticed rumpelstilzz's ghost (novice TrWr)
  5631 | D:7      | Found Wijiopn's Antique Armour Shoppe.
  5705 | D:7      | Reached XP level 10. HP: 63/68 MP: 24/24
  5777 | D:7      | Killed Eustachio
  5821 | D:7      | Found a snail-covered altar of Cheibriados.
  5893 | D:7      | Found a shimmering blue altar of Sif Muna.
  5904 | D:7      | Found a hazy altar of Hepliaklqana.
  5921 | D:7      | Found a staircase to the Ecumenical Temple.
  6299 | Temple   | Entered the Ecumenical Temple
  6737 | D:2      | Became a worshipper of Gozag Ym Sagoz the Greedy
  6983 | D:8      | Noticed a skeletal warrior
  6985 | D:8      | Noticed a skeletal warrior
  6987 | D:8      | Noticed a skeletal warrior
  7053 | D:8      | Noticed a cyan ugly thing
  7060 | D:8      | Killed a cyan ugly thing
  7184 | D:8      | Found a sand-covered staircase.
  7189 | Ossuary  | Entered an ossuary
  7745 | D:8      | Noticed a skeletal warrior
  7749 | D:8      | Killed a skeletal warrior
  7749 | D:8      | Noticed a skeletal warrior
  7754 | D:8      | Killed a skeletal warrior
  7848 | D:7      | Killed a skeletal warrior
  7849 | D:7      | Reached XP level 11. HP: 50/80 MP: 15/25
  8159 | D:8      | Killed a skeletal warrior
  8160 | D:8      | Reached skill level 5 in Evocations
  8669 | D:8      | Identified the Incunabulum of Floating Aid
  8678 | D:8      | Learned a level 6 spell: Conjure Ball Lightning
  8710 | D:9      | Noticed a green ugly thing
  8716 | D:9      | Killed a green ugly thing
  8717 | D:9      | Reached skill level 1 in Air Magic
  8832 | D:9      | Reached skill level 10 in Fighting
  8944 | D:9      | Noticed Prince Ribbit
  8952 | D:9      | Noticed a harpy
  8962 | D:9      | Killed a harpy
  8963 | D:9      | Reached skill level 5 in Air Magic
  8965 | D:9      | Identified the +4 short sword "Omuegroi" {flame, Dex+4}
  8968 | D:9      | Killed Prince Ribbit
  9087 | D:9      | Found a hide-covered altar of Uskayaw.
  9189 | D:9      | Noticed a shining eye
  9204 | D:9      | Killed a shining eye
  9284 | D:9      | Killed a skeletal warrior
  9347 | D:9      | Found a staircase to the Orcish Mines.
  9535 | D:9      | Found an ancient bone altar of Kikubaaqudgha.
  9606 | D:9      | Found a staircase to the Lair.
  9698 | D:9      | Found a burning altar of Makhleb.
  9919 | Lair:1   | Entered Level 1 of the Lair of Beasts
 10036 | Lair:1   | Reached XP level 12. HP: 87/87 MP: 26/26
 11010 | Lair:2   | Reached skill level 10 in Spellcasting
 11390 | Lair:2   | Reached skill level 10 in Conjurations
 11612 | Lair:2   | Got a wavering golden ring
 11823 | Lair:2   | Identified the ring "Yqojaem" {Fire Dex+6} (You found it on
                  | level 2 of the Lair of Beasts)
 11947 | Lair:3   | Learned a level 2 spell: Sticks to Snakes
 12082 | Lair:3   | Reached skill level 1 in Transmutations
 12359 | Lair:3   | Noticed a four-headed hydra
 12363 | Lair:3   | Killed a four-headed hydra
 12376 | Lair:3   | Noticed a death yak
 12426 | Lair:3   | Killed a death yak
 12499 | Lair:3   | Noticed a death yak
 12499 | Lair:3   | Noticed a death yak
 12501 | Lair:3   | Noticed a death yak
 12508 | Lair:3   | Killed a death yak
 12524 | Lair:3   | Killed a death yak
 12530 | Lair:3   | Killed a death yak
 12531 | Lair:3   | Reached XP level 13. HP: 68/92 MP: 30/30
 13327 | Lair:4   | Reached skill level 10 in Air Magic
 13348 | Lair:4   | Found a runed translucent gate.
 13348 | Lair:4   | Found a runed translucent gate.
 13348 | Lair:4   | Found a runed translucent gate.
 13348 | Lair:4   | Noticed Finalfun's ghost (journeyman EnBe)
 13349 | Lair:4   | Noticed Finalfun's ghost (journeyman HuAc)
 13349 | Lair:4   | Noticed yrara's ghost (journeyman DsFi)
 13349 | Lair:4   | Noticed Mrcake's ghost (journeyman MiBe)
 13349 | Lair:4   | Noticed rumpelstilzz's ghost (journeyman TrHu)
 14217 | Lair:4   | Found a staircase to the Swamp.
 14269 | Lair:4   | Found a staircase to the Shoals.
 14383 | Lair:4   | Noticed Urug
 14390 | Lair:4   | Killed Urug
 14544 | Lair:4   | Reached skill level 5 in Dodging
 14728 | Lair:4   | Learned a level 5 spell: Iskenderun's Battlesphere
 14876 | Lair:5   | Reached skill level 1 in Charms
 15118 | Lair:5   | Reached XP level 14. HP: 41/99 MP: 17/31
 15155 | Lair:5   | Found a gate leading to a gauntlet.
 15157 | Lair:5   | Found a staircase to the Elven Halls.
 15160 | Gauntlet | Entered a Gauntlet
 15160 | Gauntlet | Found a transporter.
 15199 | Gauntlet | Found a transporter.
 15209 | Gauntlet | Found a transporter.
 15215 | Gauntlet | Found a transporter.
 15232 | Gauntlet | Found a transporter.
 15249 | Gauntlet | Found a transporter.
 15261 | Gauntlet | Found a transporter.
 15261 | Gauntlet | Noticed a dire elephant
 15273 | Gauntlet | Found a transporter.
 15274 | Gauntlet | Noticed a cacodemon
 15285 | Gauntlet | Found a transporter.
 15291 | Gauntlet | Found a transporter.
 15293 | Gauntlet | Found a transporter.
 15293 | Gauntlet | Found a transporter.
 15310 | Gauntlet | Found a transporter.
 15329 | Gauntlet | Found a transporter.
 15346 | Gauntlet | Found a transporter.
 15372 | Gauntlet | Found a transporter.
 15396 | Gauntlet | Found a transporter.
 15476 | Gauntlet | Found a transporter.
 15741 | Gauntlet | Got a flickering silver ring
 15797 | Gauntlet | Identified the ring of the Gloaming {+Fly rPois Str+3} (You
                  | found it in a Gauntlet)
 15932 | Gauntlet | Reached skill level 5 in Charms
 15951 | Gauntlet | Got a sparkling brass ring
 15960 | Gauntlet | Learned a level 7 spell: Spellforged Servitor
 16093 | Lair:5   | Identified the ring of Syndicalism {Ice +Inv +Fly Str+2
                  | Dex-3} (You found it in a Gauntlet)
 16156 | Lair:5   | Reached skill level 1 in Summonings
 16242 | Lair:5   | Reached skill level 10 in Dodging
 16978 | Lair:6   | Entered Level 6 of the Lair of Beasts
 17406 | Lair:6   | Reached skill level 5 in Summonings
 17692 | Lair:6   | Identified the Volume of Lightness and the Traveller
 18496 | D:10     | Entered Level 10 of the Dungeon
 18508 | D:10     | Noticed Frances
 18689 | D:10     | Noticed Sonja
 18693 | D:10     | Killed Sonja
 18879 | D:10     | Found a sparkling altar of Nemelex Xobeh.
 19124 | D:10     | Learned a level 4 spell: Lightning Bolt
 19214 | D:10     | Reached XP level 15. HP: 103/103 MP: 32/32
 19485 | D:10     | Killed Frances
 19486 | D:10     | Reached skill level 10 in Summonings
 20625 | D:12     | Entered Level 12 of the Dungeon
 20647 | D:12     | Found an ancient bone altar of Kikubaaqudgha.
 20678 | D:12     | Noticed Agnes
 20864 | D:12     | Found Syuff's Antique Weapon Emporium.
 20976 | D:11     | Learned a level 5 spell: Summon Forest
 21162 | D:12     | Mangled by a deep elf knight

Skill      XL: |  1  2  3  4  5  6  7  8  9 10 11 12 13 14 15 |
---------------+----------------------------------------------+-----
Fire Magic     | 4 5 6 7 8 9 |  9.0
Spellcasting   | 3 4 5 6 8 9 12 | 12.0
Conjurations   | 2 3 4 5 6 7 8 11 12 | 12.0
Fighting       | 6 9 10 | 10.0
Evocations     | 4 6 |  6.0
Air Magic      | 9 12 | 12.0
Transmutations | 4 |  4.0
Dodging        | 8 12 | 12.0
Charms         | 4 5 |  5.0
Summonings     | 9 11 | 11.9
Stealth        | |  1.5

Action                   |  1- 3 |  4- 6 |  7- 9 | 10-12 | 13-15 || total
-------------------------+-------+-------+-------+-------+-------++-------
Melee: Quarterstaff      |       |       |    36 |    43 |    34 ||   113
 Cast: Flame Tongue      |    52 |    84 |   335 |   459 |   337 ||  1267
       Conjure Flame     |       |     1 |    10 |    17 |     2 ||    30
       Fireball          |       |       |     4 |   169 |   293 ||   466
       Sticks to Snakes  |       |       |       |       |    51 ||    51
       Conjure Ball Ligh |       |       |       |       |    24 ||    24
       Inner Flame       |       |       |       |       |     3 ||     3
       Iskenderun's Batt |       |       |       |       |     2 ||     2
       Lightning Bolt    |       |       |       |       |     7 ||     7
       Summon Forest     |       |       |       |       |     2 ||     2
Invok: Potion Petition   |       |       |       |       |     2 ||     2
  Use: Scroll            |     2 |     1 |     7 |     3 |    15 ||    28
       Potion            |       |       |       |       |     8 ||     8
 Stab: Distracted        |       |       |       |       |     1 ||     1
  Eat: Chunk             |     2 |     2 |    14 |     3 |       ||    21
       Ration            |       |       |       |     7 |     9 ||    16
Armor: Skin              |     7 |     4 |    24 |    33 |    91 ||   159
Dodge: Dodged            |    24 |    12 |   122 |   125 |   518 ||   801
Block: Other             |     3 |     4 |    41 |    59 |   221 ||   328
